 Dungeon Crawl Stone Soup version 0.21.0-24-g2553a33 (webtiles) character file.

5072 Gorglomux the Spear-Bearer (level 10, -20/89 (91) HPs)
             Began as a Demigod Wanderer on Jan 19, 2018.
             Demolished by a two-headed ogre
             ... wielding a +0 dire flail
              (23 damage)
             ... on level 9 of the Dungeon.
             The game lasted 00:17:39 (13360 turns).

Gorglomux the Spear-Bearer (Demigod Wanderer)      Turns: 13360, Time: 00:17:40

HP:   -20/89 (91)   AC: 13    Str: 23    XL:     10   Next: 10%
MP:   18/18         EV:  9    Int: 15    God:
Gold: 644           SH:  5    Dex: 14    Spells: 16/16 levels left

rFire    + . .     SeeInvis .   Z - +0 trident
rCold    . . .     Gourm    +   l - +0 buckler
rNeg     . . .     Faith    .   v - +0 chain mail
rPois    .         Spirit   .   (no helmet)
rElec    .         Reflect  .   u - +0 cloak
rCorr    .         Harm     .   X - +0 pair of gloves
MR       +....                  (no boots)
Stlth    ..........             U - amulet of the gourmand
HPRegen  0.24/turn              F - +3 ring of protection
MPRegen  0.16/turn              f - ring of protection from fire

@: no status effects
A: high mp 1
a: no special abilities


You were on level 9 of the Dungeon.
You were very full.

You visited 1 branch of the dungeon, and saw 10 of its levels.

You collected 644 gold pieces.

Inventory:

Hand Weapons
 a - a +2 spear
 Z - a +0 trident (weapon)
Missiles
 N - 3 poisoned tomahawks (quivered)
Armour
 l - a +0 buckler (worn)
 u - a +0 cloak (worn)
 v - a +0 chain mail (worn)
 X - a +0 pair of gloves (worn)
Jewellery
 f - a ring of protection from fire (right hand)
 g - a +6 ring of intelligence
 F - a +3 ring of protection (left hand)
 I - an uncursed ring of magical power
 U - an amulet of the gourmand (around neck)
Wands
 P - a wand of paralysis (25)
Scrolls
 r - 4 scrolls of fear
 E - a scroll of remove curse
 G - a scroll of noise {unknown}
 H - a scroll of fog {unknown}
 K - a scroll of acquirement {unknown}
 L - a scroll of blinking {unknown}
 M - 2 scrolls of magic mapping
 R - a scroll of identify
 T - 5 scrolls of teleportation
 V - a scroll of enchant weapon {unknown}
 W - 2 scrolls of amnesia
Potions
 n - a potion of mutation {!q}
 O - 2 potions of cancellation
 Q - a potion of curing
 Y - a potion of haste {unknown}
Books
 b - Gymiu's Volume of Calling

   Spells                             Type                      Level
   a - Summon Butterflies             Summoning                    1
   b - Summon Guardian Golem          Hexes/Summoning              3
 c - Nucko's Catalogue of Changing

   Spells                             Type                      Level
   a - Beastly Appendage              Transmutation                1
   b - Ignite Poison                  Fire/Transmutation/Poison    3
 S - a Fen Folio

   Spells                             Type                      Level
   a - Corpse Rot                     Necromancy                   2
   b - Stone Arrow                    Conjuration/Earth            3
   c - Leda's Liquefaction            Hexes/Earth                  4
   d - Summon Forest                  Summoning/Translocation      5
   e - Hydra Form                     Transmutation                6
   f - Summon Hydra                   Summoning                    7
Comestibles
 J - 22 rations


   Skills:
 + Level 9.2 Fighting
 + Level 9.4 Polearms
 - Level 1.0 Throwing
 + Level 1.7 Armour
 + Level 2.2 Dodging
 - Level 4.1 Shields
 - Level 3.6 Spellcasting
   Level 1.0 Earth Magic


You had 16 spell levels left.
You didn't know any spells.

Dungeon Overview and Level Annotations

Branches:
Dungeon (10/15)            Temple (0/1) D:6            Lair (0/6) D:8
    Orc: D:9-12

Shops:
D:9 [

Annotations:
D:3 Pikel


Innate Abilities, Weirdness & Mutations

You have an increased reservoir of magic. (+10% MP)


Message History

You throw a poisoned tomahawk!
The poisoned tomahawk hits the two-butt ogre!
The two-headed ogre looks even sicker!
The two-headed ogre is lightly wounded!
The two-headed ogre hits you with a butt flail!!!!!!
The two-headed ogre completely misses you!
Throwing (i - inventory):
N - 4 poisoned tomahawks (quivered)
Press: ? - help, Shift-Dir - straight line, butt/p - two-headed ogre Butt: a two-headed ogre, wielding a dire flail and a giant club (moderately wounded, butt)
You throw a poisoned tomahawk!
The poisoned tomahawk hits the two-headed ogre!!!
The two-butt ogre looks as sick as possible!!!
The two-headed ogre is moderately wounded!
The two-headed ogre hits you with a dire flail!!! * * * don't die
* * * The two-headed ogre hits you with a giant club!!!!!! * * * don't die
* * * The two-headed ogre hits you but does no damage!
The two-headed ogre hits butt with a giant club!!!!!! rip

#.....#.# #.#.#.#
#.....#.# #.#.#.#
##.....#.# #.#.#.#
#......#.# #.#.#..
#[.....#.######.#....
#......#........#....
#......##########....
#......# #.#.#
#...@O.##########.#.#
#.###...........(.#.#
#.#################.#
#.................#.#
#####################.#.#
#................# #.#..
##.##########.##.# #.###
#.# #.##.# #.# #.# #.##.#
#.#


You could see a two-headed ogre.

Vanquished Creatures
  A two-headed ogre (D:9)
  2 hornets (D:9)
  A troll (D:9)
  Sigmund (D:4)
  Eustachio (D:5)
  Menkaure (D:7)
  Duvessa (D:5)
  A soldier ant (D:9)
  A black bear (D:8)
  4 slaves
  An ice beast (D:7)
  3 necrophages (D:7)
  2 eyes of draining (D:9)
  3 ogres
  9 bullfrogs
  Dowan (D:5)
  5 killer bees (D:8)
  6 wights
  3 crimson imps
  The ghost of MenacingMecha the Sneak, a weakling SpAs (D:3)
  2 bullfrog zombies
  3 jellies
  3 hounds
  5 orc priests
  A quasit (D:7)
  A bullfrog skeleton (D:6)
  A gnoll shaman (D:8)
  An iguana (D:4)
  3 orc wizards
  4 worker ants
  A killer bee zombie (D:7)
  3 hound skeletons
  3 mummies (D:7)
  A howler monkey zombie (D:8)
  A worker ant zombie (D:5)
  9 adders
  9 gnolls
  2 shadow imps
  2 oozes
  2 adder skeletons
  2 adder zombies
  2 worms
  4 leopard geckos
  16 orcs
  A ball python (D:2)
  5 bats
  7 giant cockroaches
  5 goblins
  16 hobgoblins
  11 jackals
  A quokka (D:9)
  2 frilled lizards
  6 kobolds
  A leopard gecko skeleton (D:8)
  A leopard gecko zombie (D:7)
  A quokka zombie (D:8)
  12 rats
198 creatures vanquished.

Vanquished Creatures (others)
  A withered plant (D:7)
1 creature vanquished.

Grand Total: 199 creatures vanquished

Notes
Turn   | Place    | Note
-------+----------+-------------------------------------------
     0 | D:1      | Gorglomux the Demigod Wanderer began the quest for the Orb.
     0 | D:1      | Gorglomux set off with: a +2 spear, Gymiu's Volume of Calling, Nucko's Catalogue of Changing, a +0 robe, a ration
     0 | D:1      | Reached XP level 1. HP: 14/14 MP: 7/7
    74 | D:1      | Identified Gymiu's Volume of Calling
    74 | D:1      | Identified Nucko's Catalogue of Changing
   182 | D:1      | Reached skill level 1 in Fighting
   213 | D:1      | Reached XP level 2. HP: 20/23 MP: 9/9
  1501 | D:2      | Reached XP level 3. HP: 23/28 MP: 10/10
  1744 | D:2      | Found an ancient bone altar of Kikubaaqudgha.
  2047 | D:3      | Noticed MenacingMecha's ghost (weakling SpAs)
  2452 | D:3      | Reached skill level 3 in Polearms
  2452 | D:3      | Reached XP level 4. HP: 25/36 MP: 12/12
  2720 | D:3      | Killed MenacingMecha's ghost
  2720 | D:3      | Reached XP level 5. HP: 29/42 MP: 13/13
  3547 | D:4      | Noticed a slave
  3549 | D:4      | Noticed a slave
  3549 | D:4      | Noticed a slave
  3551 | D:4      | Noticed Pikel
  3558 | D:4      | Noticed a slave
  3889 | D:3      | Killed a slave
  4023 | D:4      | Killed a slave
  4186 | D:4      | Killed a slave
  4789 | D:4      | Killed a slave
  5482 | D:4      | Reached skill level 3 in Fighting
  5482 | D:4      | Reached skill level 3 in Shields
  5609 | D:4      | Noticed Sigmund
  5904 | D:4      | Reached XP level 6. HP: 39/51 MP: 14/14
  6075 | D:4      | Killed Sigmund
  6358 | D:5      | Entered Level 5 of the Dungeon
  6384 | D:5      | Noticed Duvessa
  6385 | D:5      | Noticed Dowan
  6772 | D:5      | Noticed Eustachio
  6824 | D:5      | Killed Duvessa
  6824 | D:5      | Reached XP level 7. HP: 29/59 MP: 15/15
  7071 | D:5      | Killed Dowan
  7353 | D:5      | Killed Eustachio
  7563 | D:5      | Got a dull robe
  7574 | D:5      | Identified the +1 robe of the Blacksmith {Str+4} (You found it on level 5 of the Dungeon)
  8247 | D:6      | Reached XP level 8. HP: 45/69 MP: 16/16
  8434 | D:6      | Reached skill level 6 in Polearms
  8653 | D:6      | Reached skill level 6 in Fighting
  9012 | D:6      | Found a staircase to the Ecumenical Temple.
 10130 | D:7      | Noticed Menkaure
 10139 | D:7      | Killed Menkaure
 10139 | D:7      | Reached XP level 9. HP: 76/78 MP: 17/17
 10712 | D:8      | Got a translucent shield
 10816 | D:8      | Identified the -8 shield of Integrity {rElec Slay+2} (You took it off a gnoll on level 8 of the Dungeon)
 11233 | D:8      | Found a staircase to the Lair.
 11547 | D:9      | Noticed a two-headed ogre
 11964 | D:9      | Killed a two-headed ogre
 11964 | D:9      | Reached skill level 9 in Fighting
 11964 | D:9      | Reached skill level 9 in Polearms
 12243 | D:9      | Found Jeychoz's Armour Shop.
 12406 | D:9      | Reached skill level 1 in Armour
 12726 | D:9      | Paralysed by a hornet for 3 turns
 12731 | D:9      | Reached XP level 10. HP: 87/89 MP: 18/18
 13282 | D:10     | Entered Level 10 of the Dungeon
 13296 | D:10     | Noticed a two-headed ogre
 13349 | D:9      | HP: 1/89 [two-headed ogre/dire flail (22)]
 13360 | D:9      | Demolished by a two-headed ogre

Skill      XL: |  1  2  3  4  5  6  7  8  9 10 |
---------------+-------------------------------+-----
Polearms       | 2 3 4 5 7 9 |  9.4
Fighting       | 1 2 3 4 5 7 9 |  9.2
Shields        | 2 3 4 |  4.1
Armour         | 1 |  1.7
Dodging        | 2 |  2.2
Throwing       | |  1.0
Spellcasting   | |  3.6
Earth Magic    | |  1.0

Action                   |  1- 3 |  4- 6 |  7- 9 | 10-12 || total
-------------------------+-------+-------+-------+-------++-------
Melee: Spear             |   142 |   357 |       |       ||   499
       Trident           |       |    26 |   631 |    39 ||   696
Throw: Tomahawk          |       |       |    14 |     4 ||    18
Evoke: Wand              |       |       |     5 |       ||     5
  Use: Scroll            |     6 |     2 |     7 |       ||    15
       Potion            |     1 |     1 |     2 |       ||     4
 Stab: Sleeping          |     3 |       |       |       ||     3
       Paralysed         |       |       |     8 |       ||     8
  Eat: Chunk             |     5 |    29 |    19 |     2 ||    55
Armor: Robe              |     8 |       |     2 |       ||    10
       Chain mail        |    23 |   117 |   358 |     2 ||   500
       Skin              |       |       |     7 |    24 ||    31
Dodge: Dodged            |    43 |    82 |   280 |     3 ||   408
Block: Buckler           |    18 |    51 |   148 |     7 ||   224
